 Dungeon Crawl Stone Soup version 0.31-a0-237-g2d982f9f85 (webtiles) character file.

Game seed: 14488080379217639995

5677 qw the Skirmisher (level 10, -8/88 HPs)
             Began as a Minotaur Hexslinger on July 11, 2023.
             Was a Believer of Okawaru.
             Mangled by a death yak (18 damage)
             ... on level 7 of the Dungeon.
             The game lasted 00:03:36 (7636 turns).

qw the Skirmisher (Minotaur Hexslinger)             Turns: 7636, Time: 00:03:37

Health: -8/88      AC: 10    Str: 13      XL:     10   Next: 47%
Magic:  11/12      EV: 19    Int:  8 (9)  God:    Okawaru [**....]
Gold:   302        SH:  0    Dex: 20      Spells: 10/11 levels left

rFire   . . .        p - +0 orcbow
rCold   . . .        (shield currently unavailable)
rNeg    + . .        k - +0 leather armour {rPois}
rPois   +            (helmet restricted)
rElec   +            g - +0 cloak
rCorr   .            d - +2 pair of gloves
SInv    +            e - +0 pair of boots
Will    .....        (no amulet)
Stlth   +++          n - ring of positive energy
HPRegen 0.34/turn    o - ring of see invisible
MPRegen 0.13/turn

%: no passive effects
@: heroic
A: horns 2, retaliatory headbutt, agile 1, deterioration 1, electricity
resistance
a: Renounce Religion, Heroism


You were on level 7 of the Dungeon.
You worshipped Okawaru.
Okawaru was pleased with you.
You visited 2 branches of the dungeon, and saw 9 of its levels.

You collected 380 gold pieces.
You spent 78 gold pieces at shops.


Innate Abilities, Weirdness & Mutations

You have a pair of horns on your head.
You reflexively headbutt those who attack you in melee.
You are agile. (Dex +4, Str/Int -1)
Your body sometimes deteriorates upon taking damage.
You are resistant to electric shocks. (rElec)


   Skills:
 + Level 8.1(13.1) Fighting
 - Level 13.2(18.2) Ranged Weapons
 - Level 4.3(9.3) Armour
 - Level 6.0(11.0) Dodging
 - Level 1.0 Spellcasting
 - Level 2.0 Hexes
 - Level 4.0 Invocations


You had 10 spell levels left.
You knew the following spells:

 Your Spells              Type           Power      Damage    Failure   Level
a - Slow                  Hex            12%        N/A       21%         1

Your spell library contained the following spells:

 Spells                   Type           Power      Damage    Failure   Level
 Inner Flame              Hex/Fire       2%         N/A       67%         3
 Portal Projectile        Hex/Tloc       4%         N/A       67%         3
 Cause Fear               Hex            1%         N/A       90%         4

Inventory:

Hand Weapons
 p - a +0 orcbow (weapon)
Armour
 c - a +1 leather armour of cold resistance
 d - a +2 pair of gloves (worn)
 e - a +0 pair of boots (worn)
 g - a +0 cloak (worn)
 k - a +0 leather armour of poison resistance (worn)
 l - +0 steam dragon scales
 m - the +1 leather armour "Xoagi" {+Inv rN++ rCorr}
   (You found it on level 7 of the Dungeon)

   rN:        It greatly protects you from negative energy.
   +Inv:      It lets you turn invisible.
   rCorr:     It protects you from acid and corrosion.
Jewellery
 n - a ring of positive energy (left hand)
 o - a ring of see invisible (right hand)
Scrolls
 j - 6 scrolls of identify
Potions
 a - 2 potions of curing
 b - 3 potions of might
 f - a potion of enlightenment
 h - 3 potions of mutation
 i - 2 potions of haste

Dungeon Overview and Level Annotations

Branches:
Dungeon (8/15)             Temple (1/1) D:4
   Lair: D:8-11

Altars:
Cheibriados
Dithmenos
Elyvilon
Fedhas
Gozag
Hepliaklqana
Kikubaaqudgha
Makhleb
Nemelex Xobeh
Okawaru
Qazlal
Ru
Sif Muna
Trog
Uskayaw
Xom
Yredelemnul
Zin
The Shining One

Shops:
D:3 =   D:7 ?

Annotations:
D:7 1 runed translucent door, Crazy Yiuf


Message History

You climb upwards.
Level annotation: 1 runed translucent door, Crazy Yiuf
There is a stone staircase leading down here.
7626 ||| INVOKING Heroism.
You gain the combat prowess of a mighty hero.
The yak barely misses you.
The death yak gores you but does no damage.
You shoot an arrow.
The arrow hits the death yak but does no damage.
You shoot an arrow. The arrow barely misses the death yak.
The death yak gores you!
Your body deteriorates!
You feel dopey. The yak gores you.
You shoot an arrow. The arrow hits the death yak!!
The death yak is moderately wounded.
The yak completely misses you. The death yak misses you.
You shoot an arrow.
The arrow hits the death yak but does no damage.
The death yak is moderately wounded.
The yak gores you! The death yak gores you!!
You shoot an arrow. The arrow hits the death yak!!
The death yak is heavily wounded.
You shoot an arrow. The arrow hits the death yak!
The death yak is severely wounded.
The death yak gores you. The yak misses you. You furiously retaliate!
You headbutt the yak! You shoot an arrow. The arrow hits the death yak.
The death yak is severely wounded.
The yak completely misses you. The death yak closely misses you.
You shoot an arrow. The arrow hits the death yak!
The death yak is severely wounded.
You shoot an arrow. The arrow hits the death yak.
The death yak is almost dead.
The death yak snorts and paws the ground.
The death yak gores you! The yak misses you.
You shoot an arrow. The arrow hits the death yak.
The death yak is almost dead.
The yak closely misses you. You furiously retaliate!
You headbutt the yak. The death yak gores you!!
You die...

##.# #.....# ######.#.#. #.#
#.#.#### ###### #.# #.#.##.#
##..># # ####.# #.#.##.## ##.....
## ##.##.# #.#.....# ##......
.####...#.#####[###...####.......
.'.............[.[.......'.......
.####.....#.###.###...#.##.......
## ##....#.# #Y@Y....#.###......
# #......# #.###.###.# ##.....
#....#.# #.###.###.# ##...#
#......# #.<.......# ##'##
###.#### #####.##### #.#
########.# #.# #.# .......!.#
#.###### ##.## ##########
#......# ##...# ######.# #.....


You could see a death yak and a yak.

Vanquished Creatures
  A death yak (D:8)
  Pikel (D:5)
  A troll (D:8)
  Grinder (D:5)
  A wraith (D:7)
  Eustachio (D:5)
  A yak (D:8)
  2 steam dragons
  Edmund (D:5)
  An acid dragon (D:8)
  Duvessa (D:5)
  2 ice beasts
  An orc warrior (D:8)
  3 sky beasts
  3 ogres
  2 centaurs
  4 phantoms
  2 bullfrogs
  A gnoll sergeant (D:8)
  2 scorpions (D:5)
  12 wights
  Dowan (D:5)
  2 vampire bats (D:7)
  3 howler monkeys (D:8)
  3 orc priests (D:5)
  6 hounds
  A jelly (D:4)
  3 sleepcaps
  4 iguanas
  4 orc wizards
  3 gnolls (D:8)
  5 adders
  2 ufetubi
  A worm (D:3)
  A dart slug (D:1)
  25 orcs
  4 bat skeletons (D:7)
  A bat zombie (D:7)
  8 endoplasms
  7 giant cockroaches
  7 goblins
  5 hobgoblins
  14 jackals
  A quokka (D:1)
  6 ball pythons
  8 bats
  5 frilled lizards
  8 kobolds
  5 rats
187 creatures vanquished.

Vanquished Creatures (others)
  A gnoll (D:8)
1 creature vanquished.

Grand Total: 188 creatures vanquished

Notes
Turn   | Place    | Note
-------+----------+-------------------------------------------
     0 | D:1      | qw the Minotaur Hexslinger began the quest for the Orb.
     0 | D:1      | Reached XP level 1. HP: 16/16 MP: 1/1
     0 | D:1      | 0 ||| qw: Version: 0.3-a-52-g30416fa
     0 | D:1      | 0 ||| qw: Game counter: 5471
     0 | D:1      | 0 ||| qw: Melee chars always use a shield: true
     0 | D:1      | 0 ||| qw: God list: Okawaru
     0 | D:1      | 0 ||| qw: Allow faded altars: false
     0 | D:1      | 0 ||| qw: Do Orc after clearing Dungeon:15 true
     0 | D:1      | 0 ||| qw: Do second Lair branch before Depths: true
     0 | D:1      | 0 ||| qw: Lair rune preference: random
     0 | D:1      | 0 ||| qw: Goals: Normal
     0 | D:1      | 0 ||| PLANNING D:1-11
    63 | D:1      | Reached skill level 3 in Ranged Weapons
    63 | D:1      | Reached XP level 2. HP: 23/23 MP: 2/2
   387 | D:1      | Reached XP level 3. HP: 29/29 MP: 3/3
   777 | D:1      | 777 ||| UPGRADING to +0 pair of gloves.
   782 | D:1      | 782 ||| UPGRADING to +0 cloak.
   787 | D:1      | 787 ||| READING 2 scrolls labelled BOTOTI YK BOMA.
   788 | D:1      | 788 ||| READING scroll of enchant armour.
   788 | D:1      | 788 ||| ENCHANTING +0 pair of gloves.
   789 | D:1      | 789 ||| READING 2 scrolls labelled WYHOOKU GIVOL.
   790 | D:1      | 790 ||| DRINKING 2 bubbling red potions.
   790 | D:1      | Gained mutation: You are agile. (Dex +4, Str/Int -1)
                  | [potion of mutation]
   790 | D:1      | Gained mutation: You are resistant to electric shocks.
                  | (rElec) [potion of mutation]
   790 | D:1      | Gained mutation: Your body sometimes deteriorates upon
                  | taking damage. [potion of mutation]
   791 | D:1      | 791 ||| DROPPING scroll of poison.
   893 | D:2      | Reached skill level 4 in Ranged Weapons
  1022 | D:2      | Found a faded altar of an unknown god.
  1211 | D:2      | Reached XP level 4. HP: 36/36 MP: 4/4
  1402 | D:2      | 1402 ||| UPGRADING to +0 pair of boots.
  1407 | D:2      | 1407 ||| UPGRADING to +0 leather armour.
  1417 | D:2      | 1417 ||| DROPPING +0 robe.
  1418 | D:2      | 1418 ||| DRINKING 2 silvery potions.
  1574 | D:3      | Reached skill level 1 in Armour
  1612 | D:3      | Found Qiyxius's Jewellery Boutique.
  1617 | D:3      | 1617 ||| SHOPLISTING amulet of Qagrar {RegenMP Dex+6} (694
                  | gold, have 149).
  1617 | D:3      | 1617 ||| SHOPLISTING amulet of reflection (420 gold, have
                  | 149).
  1617 | D:3      | 1617 ||| SHOPLISTING ring of resist corrosion (280 gold,
                  | have 149).
  1617 | D:3      | 1617 ||| SHOPLISTING ring of willpower (350 gold, have
                  | 149).
  1633 | D:3      | Found a white marble altar of Elyvilon.
  1943 | D:3      | 1943 ||| UPGRADING to +0 ring mail.
  1953 | D:3      | 1953 ||| DROPPING +0 leather armour.
  1954 | D:3      | 1954 ||| READING 2 scrolls labelled ZOUCWIUROC.
  1955 | D:3      | 1955 ||| READING scroll labelled NUXEYSH VUFU.
  1956 | D:3      | 1956 ||| DRINKING 2 green potions.
  1957 | D:3      | 1957 ||| DROPPING scroll of revelation.
  1998 | D:4      | Reached skill level 5 in Ranged Weapons
  2001 | D:4      | Noticed an ogre
  2009 | D:4      | Killed an ogre
  2010 | D:4      | Reached XP level 5. HP: 23/46 MP: 5/5
  2039 | D:4      | 2039 ||| FLEEEEING.
  2042 | D:4      | 2042 ||| STAIRDANCE
  2207 | D:4      | Found a staircase to the Ecumenical Temple.
  2208 | D:4      | 2208 ||| PLANNING TEMPLE
  2312 | D:4      | Reached XP level 6. HP: 52/52 MP: 6/6
  2339 | D:4      | Reached skill level 6 in Ranged Weapons
  2397 | D:4      | Found a burning altar of Makhleb.
  2398 | D:4      | 2398 ||| READING 3 scrolls of identify.
  2398 | D:4      | 2398 ||| IDENTIFYING orange potion
  2399 | D:4      | 2399 ||| READING 2 scrolls of identify.
  2399 | D:4      | 2399 ||| IDENTIFYING viscous ruby potion
  2400 | D:4      | 2400 ||| DROPPING potion of degeneration.
  2434 | Temple   | Entered the Ecumenical Temple
  2435 | Temple   | 2435 ||| PLANNING OKAWARU WORSHIP
  2453 | Temple   | Became a worshipper of Warmaster Okawaru
  2454 | Temple   | 2454 ||| PLANNING D:1-11
  2594 | D:4      | Found a glowing golden altar of the Shining One.
  2618 | D:4      | Found a sacrificial altar of Ru.
  2623 | D:4      | Found a sparkling altar of Nemelex Xobeh.
  2669 | D:4      | 2669 ||| FLEEEEING.
  2670 | D:4      | 2670 ||| FLEEEEING.
  2794 | D:4      | 2794 ||| READING scroll labelled ZARGHI NAECW.
  2795 | D:4      | 2795 ||| DRINKING 2 brown potions.
  2811 | D:5      | Entered Level 5 of the Dungeon
  2858 | D:5      | Reached skill level 7 in Ranged Weapons
  2904 | D:5      | Reached XP level 7. HP: 59/59 MP: 7/7
  2920 | D:5      | HP: 11/59 [sleepcap (6)]
  2921 | D:5      | 2921 ||| DRINKING 2 potions of heal wounds.
  3075 | D:5      | Found a hide-covered altar of Uskayaw.
  3166 | D:5      | Reached * piety under Okawaru
  3180 | D:5      | Reached skill level 8 in Ranged Weapons
  3180 | D:5      | Reached skill level 1 in Invocations
  3216 | D:5      | Noticed Pikel
  3217 | D:5      | 3217 ||| READING scroll labelled GOALLY VEAJEGI.
  3218 | D:5      | 3218 ||| READING 4 scrolls of identify.
  3218 | D:5      | 3218 ||| IDENTIFYING black potion
  3219 | D:5      | 3219 ||| READING 3 scrolls of identify.
  3219 | D:5      | 3219 ||| IDENTIFYING lumpy orange potion
  3220 | D:5      | 3220 ||| DROPPING potion of brilliance.
  3221 | D:5      | 3221 ||| DROPPING potion of lignification.
  3223 | D:5      | 3223 ||| INVOKING Heroism.
  3237 | D:5      | 3237 ||| INVOKING Heroism.
  3245 | D:5      | Killed Pikel
  3246 | D:5      | Reached XP level 8. HP: 38/73 MP: 4/8
  3440 | D:5      | Found a bloodstained altar of Trog.
  3527 | D:5      | 3527 ||| INVOKING Heroism.
  3627 | D:5      | Reached skill level 3 in Dodging
  3633 | D:5      | 3633 ||| INVOKING Heroism.
  3774 | D:5      | Noticed Eustachio
  3775 | D:5      | 3775 ||| INVOKING Heroism.
  3785 | D:5      | Killed Eustachio
  3786 | D:5      | Reached skill level 3 in Invocations
  3884 | D:5      | 3884 ||| INVOKING Heroism.
  3935 | D:5      | 3935 ||| INVOKING Heroism.
  3942 | D:5      | Noticed Duvessa
  3952 | D:5      | Noticed Dowan
  3953 | D:5      | Killed Duvessa
  3954 | D:5      | Reached skill level 9 in Ranged Weapons
  3954 | D:5      | Noticed Grinder
  3962 | D:5      | 3962 ||| INVOKING Heroism.
  3963 | D:5      | Killed Dowan
  3968 | D:5      | Paralysed by Grinder for 4 turns
  3978 | D:5      | Killed Grinder
  3978 | D:5      | Reached ** piety under Okawaru
  3979 | D:5      | Reached XP level 9. HP: 54/79 MP: 9/11
  4150 | D:5      | Noticed Edmund
  4151 | D:5      | 4151 ||| INVOKING Heroism.
  4160 | D:5      | Killed Edmund
  4283 | D:5      | 4283 ||| UPGRADING to +1 leather armour of cold resistance.
  4293 | D:5      | 4293 ||| UPGRADING to +0 leather armour of poison
                  | resistance.
  4303 | D:5      | 4303 ||| DROPPING +0 ring mail.
  4595 | D:6      | 4595 ||| DRINKING 2 potions of curing.
  4595 | D:6      | 4595 ||| (to cure confusion)
  4603 | D:6      | Reached skill level 10 in Ranged Weapons
  4680 | D:6      | 4680 ||| INVOKING Heroism.
  4687 | D:6      | HP: 14/69 [wight/+0 dire flail (13)]
  4688 | D:6      | 4688 ||| DRINKING potion of heal wounds.
  4696 | D:6      | 4696 ||| INVOKING Heroism.
  5075 | D:6      | 5075 ||| INVOKING Heroism.
  5153 | D:6      | 5153 ||| DROPPING ring of magical power.
  5154 | D:6      | 5154 ||| UPGRADING to ring of positive energy.
  5155 | D:6      | 5155 ||| READING 3 scrolls of identify.
  5155 | D:6      | 5155 ||| IDENTIFYING murky pink potion
  5156 | D:6      | 5156 ||| READING 2 scrolls of identify.
  5156 | D:6      | 5156 ||| IDENTIFYING fizzy clear potion
  5157 | D:6      | 5157 ||| DROPPING potion of invisibility.
  5294 | D:7      | 5294 ||| INVOKING Heroism.
  5297 | D:7      | 5297 ||| Stepping ~*~*~tactically~*~*~ (cloud).
  5298 | D:7      | 5298 ||| Stepping ~*~*~tactically~*~*~ (cloud).
  5315 | D:7      | 5315 ||| FLEEEEING.
  5316 | D:7      | 5316 ||| FLEEEEING.
  5317 | D:7      | 5317 ||| FLEEEEING.
  5318 | D:7      | 5318 ||| FLEEEEING.
  5319 | D:7      | 5319 ||| FLEEEEING.
  5320 | D:7      | 5320 ||| STAIRDANCE
  5444 | D:7      | 5444 ||| INVOKING Heroism.
  5446 | D:7      | Reached skill level 11 in Ranged Weapons
  5562 | D:7      | Identified the +1 leather armour "Xoagi" {+Inv rN++ rCorr}
  5614 | D:7      | 5614 ||| INVOKING Heroism.
  5768 | D:7      | Found an ancient bone altar of Kikubaaqudgha.
  5791 | D:7      | 5791 ||| READING scroll of enchant armour.
  5791 | D:7      | 5791 ||| ENCHANTING +1 pair of gloves.
  6024 | D:7      | Found a runed translucent door.
  6025 | D:7      | Noticed Crazy Yiuf
  6098 | D:7      | 6098 ||| INVOKING Heroism.
  6104 | D:7      | Reached skill level 12 in Ranged Weapons
  6106 | D:7      | HP: 16/74 [wight/+1 spear (7)]
  6521 | D:7      | 6521 ||| INVOKING Heroism.
  6525 | D:7      | Reached XP level 10. HP: 51/86 MP: 9/12
  6641 | D:7      | 6641 ||| SWAPPING to +0 orcbow.
  6644 | D:7      | 6644 ||| DROPPING +1 sling.
  6680 | D:7      | Found Rutac's Magic Scroll Shop.
  6684 | D:7      | 6684 ||| BUYING scroll of identify (26 gold).
  6684 | D:7      | Bought a scroll of identify for 26 gold pieces
  6684 | D:7      | 6684 ||| BUYING scroll of identify (26 gold).
  6684 | D:7      | Bought a scroll of identify for 26 gold pieces
  6684 | D:7      | 6684 ||| BUYING scroll of identify (26 gold).
  6684 | D:7      | Bought a scroll of identify for 26 gold pieces
  6806 | D:7      | 6806 ||| UPGRADING to ring of see invisible.
  6964 | D:8      | 6964 ||| Stepping ~*~*~tactically~*~*~ (outnumbered).
  6974 | D:8      | 6974 ||| Stepping ~*~*~tactically~*~*~ (outnumbered).
  6976 | D:8      | 6976 ||| INVOKING Heroism.
  6999 | D:8      | 6999 ||| Stepping ~*~*~tactically~*~*~ (cloud).
  7004 | D:8      | Reached skill level 6 in Dodging
  7010 | D:8      | 7010 ||| INVOKING Heroism.
  7297 | D:8      | 7297 ||| INVOKING Heroism.
  7335 | D:8      | Noticed a death yak
  7335 | D:8      | 7335 ||| INVOKING Heroism.
  7340 | D:8      | Noticed a death yak
  7343 | D:8      | Noticed a death yak
  7364 | D:8      | Killed a death yak
  7365 | D:8      | Reached skill level 13 in Ranged Weapons
  7365 | D:8      | 7365 ||| FLEEEEING.
  7366 | D:8      | 7366 ||| FLEEEEING.
  7367 | D:8      | 7367 ||| FLEEEEING.
  7368 | D:8      | 7368 ||| FLEEEEING.
  7369 | D:8      | 7369 ||| FLEEEEING.
  7370 | D:8      | 7370 ||| FLEEEEING.
  7371 | D:8      | 7371 ||| FLEEEEING.
  7372 | D:8      | 7372 ||| FLEEEEING.
  7373 | D:8      | 7373 ||| FLEEEEING.
  7374 | D:8      | 7374 ||| FLEEEEING.
  7375 | D:8      | 7375 ||| FLEEEEING.
  7376 | D:8      | 7376 ||| FLEEEEING.
  7377 | D:8      | 7377 ||| FLEEEEING.
  7378 | D:8      | 7378 ||| FLEEEEING.
  7379 | D:8      | 7379 ||| FLEEEEING.
  7380 | D:8      | 7380 ||| FLEEEEING.
  7381 | D:8      | 7381 ||| FLEEEEING.
  7382 | D:8      | 7382 ||| FLEEEEING.
  7383 | D:8      | 7383 ||| FLEEEEING.
  7384 | D:8      | 7384 ||| FLEEEEING.
  7385 | D:8      | 7385 ||| FLEEEEING.
  7386 | D:8      | 7386 ||| FLEEEEING.
  7387 | D:8      | 7387 ||| FLEEEEING.
  7388 | D:8      | 7388 ||| FLEEEEING.
  7389 | D:8      | 7389 ||| FLEEEEING.
  7390 | D:8      | 7390 ||| FLEEEEING.
  7391 | D:8      | 7391 ||| FLEEEEING.
  7392 | D:8      | 7392 ||| FLEEEEING.
  7393 | D:8      | 7393 ||| FLEEEEING.
  7394 | D:8      | 7394 ||| FLEEEEING.
  7395 | D:8      | 7395 ||| FLEEEEING.
  7396 | D:8      | 7396 ||| STAIRDANCE
  7624 | D:8      | 7624 ||| STAIRDANCE
  7626 | D:7      | 7626 ||| INVOKING Heroism.
  7635 | D:7      | HP: 9/88 [death yak (17)]
  7636 | D:7      | Mangled by a death yak

Levels and vault maps discovered:
D:1:      dpeg_arrival_arbitrary_b, layout_basic
D:2:      layout_loops_ring, hellmonk_ecumenical_altar_dog_temple
D:3:      layout_rooms, lemuel_tele_altar, serial_shops,
          nicolae_shop_rolling_square, grunt_decor_mini_mirrors,
          minmay_misc_feat_columns
D:4:      layout_rooms, tso_oasis_becter, grunt_temple_overflow_open,
          temple_pool_b, minivault_4, nrook_campfire, kennysheep_small_square
D:5:      layout_gridville, lightli_temple_of_fire,
          mainiacjoe_overflow_chevrons, kennysheep_generic_room_4, uniq_duvessa,
          uniq_edmund, uniq_pikel, uniq_grinder, uniq_eustachio
D:6:      layout_rooms, hangedman_decor_growths, nicolae_benzene_ring,
          serial_park_tiny_pond
D:7:      layout_loops_corners, kennysheep_vampire_church, serial_shops,
          kennysheep_mini, uniq_crazy_yiuf_cottage
D:8:      layout_loops_cross, dpeg_lair_monsters, enter_bailey_4,
          chequers_garden, hangedman_abyss_or_decor_passed, grunt_ministairs_15,
          nicolae_straight_to_the_point, uniq_joseph
Temple:   minmay_freezing_vapour_temple

Skill      XL: |  1  2  3  4  5  6  7  8  9 10 |
---------------+-------------------------------+-----
Ranged Weapons | 3 4 5 7 8 9 12 13 | 13.2
Fighting       | 2 4 7 8 |  8.1
Armour         | 1 2 4 |  4.3
Invocations    | 1 4 |  4.0
Dodging        | 3 5 6 |  6.0
Spellcasting   | |  1.0
Hexes          | |  2.0

Action                     |  1- 3 |  4- 6 |  7- 9 | 10-12 || total
---------------------------+-------+-------+-------+-------++-------
   Fire: Sling             |   113 |   171 |   444 |       ||   728
         Orcbow            |       |       |       |   116 ||   116
 Invoke: Heroism           |       |       |    17 |     5 ||    22
    Use: Scroll            |     3 |     5 |     6 |       ||    14
         Potion            |     1 |     3 |     3 |       ||     7
 Armour: Robe              |    11 |       |       |       ||    11
         Ring mail         |       |    35 |    29 |       ||    64
         Leather armour    |       |     1 |    39 |    11 ||    51
  Dodge: Dodged            |    29 |    63 |   148 |    49 ||   289

Table legend:
 A = Non-vault XP
 B = Vault XP
 C = Vault XP percentage of total XP
 D = Non-vault monster count
 E = Vault monster count
 F = Vault count percentage of total count
                 A         B        C        D         E       F
            +---------+---------+-------+---------+---------+-------
      Total |    5143 |    2967 |  36.6 |     158 |      30 |  16.0
            +---------+---------+-------+---------+---------+-------
        D:1 |      50 |       0 |   0.0 |      30 |       0 |   0.0
        D:2 |      54 |       8 |  12.9 |      13 |       4 |  23.5
        D:3 |      30 |       0 |   0.0 |      15 |       0 |   0.0
        D:4 |     444 |      15 |   3.3 |      25 |       3 |  10.7
        D:5 |    1099 |    1476 |  57.3 |      30 |       6 |  16.7
        D:6 |     981 |       0 |   0.0 |      18 |       0 |   0.0
        D:7 |    1366 |     124 |   8.3 |      17 |       7 |  29.2
        D:8 |    1119 |    1344 |  54.6 |      10 |      10 |  50.0
            +---------+---------+-------+---------+---------+-------
